 Dungeon Sprint DCSS version 0.32-a0-909-gc671339a80 (webtiles) character file.

Game seed: 5375779641777364943

4600000 Griffin23 the Axe Maniac (level 25, -10/234 HPs)
             Began as a Formicid Warper on Apr 6, 2024.
             Was the Champion of Makhleb.
             Mangled by a large bag of meat
             ... wielding a +9 giant spiked club
              (64 damage)
             ... in the Dungeon (Sprint VIII: "Arena of Blood").
             The game lasted 00:03:51 (46 turns).

Griffin23 the Axe Maniac (Formicid Warper)            Turns: 46, Time: 00:03:56

Health: -10/234    AC:  6    Str: 20    XL:     25   Next: 65%
Magic:  13/54      EV: 32    Int: 13    God:    Makhleb [******]
Gold:   0          SH:  0    Dex: 21    Spells: 78/78 levels left

rFire   . . .        g - +∞ Axe of Woe
rCold   . . .        (no shield)
rNeg    . . .        b - +0 leather armour
rPois   .            (helmet unavailable)
rElec   .            (no cloak)
rCorr   .            (no gloves)
SInv    +            (no boots)
Will    ++...        (no amulet)
Stlth   ++++++++++   (no ring)
HPRegen 0.59/turn    (no ring)
MPRegen 0.34/turn

%: no passive effects
@: no status effects
A: permanent stasis, dig shafts and tunnels, antennae 3, four strong arms
a: Dig, Renounce Religion, Minor Destruction, Lesser Servant of Makhleb, Major
Destruction, Greater Servant of Makhleb


You were in the Dungeon.
You worshipped Makhleb.
Makhleb was exalted by your worship.
You visited 1 branch

Inventory:

Hand Weapons
 a - a +0 hand axe
 g - the +∞ Axe of Woe (weapon)
   (You found it in the Dungeon)
 h - a +9 battleaxe
Missiles
 c - 7 darts of dispersal (quivered)
Armour
 b - a +0 leather armour (worn)
Jewellery
 i - a +30 ring of slaying
Potions
 d - a potion of curing
 f - 2 potions of magic


   Skills:
 O Level 27 Fighting
 + Level 18.6(21.6) Short Blades
 + Level 18.6(21.6) Long Blades
 O Level 27 Axes
 O Level 27 Maces & Flails
 O Level 27 Polearms
 + Level 18.6(27) Staves
 + Level 18.6 Ranged Weapons
 O Level 27 Throwing
 O Level 27 Armour
 O Level 27 Dodging
 O Level 27 Stealth
 + Level 23.4 Shields
 O Level 27 Unarmed Combat
 O Level 27 Spellcasting
 O Level 27 Translocations
 O Level 27 Invocations


You had 78 spell levels left.
You didn't know any spells.
Your spell library contained the following spells:

 Spells                   Type           Power      Damage    Failure   Level
 Lesser Beckoning         Tloc           100%       N/A       0%          2
 Teleport Other           Tloc           73%        N/A       0%          3
 Blink                    Tloc           Unusable   N/A       N/A         2
 Maxwell's Portable Pile  Tloc           Unusable   2d(12-35) N/A         3
 Vhi's Electric Charge    Tloc/Air       Unusable   N/A       N/A         4

Dungeon Overview and Level Annotations

Branches:
Dungeon (1/1)

Altars:
Makhleb

Annotations:
D The Servant


Innate Abilities, Weirdness & Mutations

You cannot be hasted, slowed, berserked, paralysed or teleported.
You can dig through walls and to a lower floor.
You have a pair of large antennae on your head. (SInv)
Your four strong arms can wield two-handed weapons with a shield.


Message History

Your base Long Blades skill gained 4 levels and is now at level 17!
Your base Staves skill gained 4 levels and is now at level 17!
Your Ranged Weapons skill gained 4 levels and is now at level 17!
Your Shields skill gained 5 levels and is now at level 22!
You slice the sculptor of flesh!!
You slaughter the sculptor of flesh joyfully.
You destroy the sculptor of flesh!
Makhleb accepts your kill.
You feel better.
You slash the bag of meat!
You butcher the bag of meat messily.
You kill the bag of meat!
Makhleb accepts your kill.
You feel better.
You are engulfed in blazing flames.
The large bag of meat is engulfed in blazing flames.
The bag of meat is engulfed in blazing flames. x2
The meat berserker rages.
The eight-headed meat hydra calls on the powers of darkness!
The eight-headed meat hydra convulses!
The bag of meat convulses! x4
The meat berserker convulses!
The bag of meat convulses! x2
The meat berserker convulses!
The bag of meat convulses!
Your body is wracked with pain!
* * * LOW HITPOINT WARNING * * *
The large bag of meat convulses!
Flame seeps out of the large bag of meat.
The meat berserker convulses!
The bag of meat convulses! x3
The meat berserker convulses!
The bag of meat convulses!
The Servant convulses!
The bag of meat convulses! x2
Your base Short Blades skill increases to level 18!
Your base Long Blades skill increases to level 18!
Your base Staves skill increases to level 18!
Your Ranged Weapons skill increases to level 18!
Your Shields skill increases to level 23!
You feel much better.
You are engulfed in blazing flames.
* * * LOW HITPOINT WARNING * * *
The Servant is engulfed in blazing flames.
The Servant closely misses you.
A sculptor of flesh comes into view. It is wielding a +9 great sword.
The large bag of meat is engulfed in blazing flames.
The large bag of meat hits you with a +9 giant spiked club!!!
You die...

.......°..
,o.L..O..,,
..O.....z,
#.°.o.oO#,
#..{Dooo# ..
.###..{VOo§###...
......###o○§.o...
......_§@o○Ooo..
..#...)O#@o....
#_.o)_#{o....
#.z..o# ,.z..
......_.....,...
......###Oo......
.###.. Oo.###...
#.. ...#{ o { #.
...#{ {


You could see a tyrant, The Servant, an eight-headed meat hydra, 3 sculptors of
flesh, 4 large bags of meat, 4 meat berserkers and 18 bags of meat.

Vanquished Creatures
  9 vampire knights (D)
  18 ogres (D)
  2 two-headed ogres (D)
  40 orcs (D)
  2 skeletal warriors (D)
71 creatures vanquished.

Notes
Turn   | Place    | Note
-------+----------+-------------------------------------------
     0 | D        | Found the +∞ Axe of Woe
     0 | D        | Griffin23 the Formicid Warper began the quest for the Orb.
     0 | D        | Reached XP level 1. HP: 16/16 MP: 3/3
     0 | D        | Noticed a meat berserker
     3 | D        | Killed a meat berserker
     3 | D        | Noticed a bag of meat
     3 | D        | Noticed a bag of meat
     3 | D        | Noticed a bag of meat
     3 | D        | Noticed a bag of meat
     4 | D        | Reached skill level 10 in Axes
     4 | D        | Reached XP level 2. HP: 37/37 MP: 3/15
     4 | D        | Reached XP level 3. HP: 43/43 MP: 3/17
     4 | D        | Reached XP level 4. HP: 50/50 MP: 3/18
     4 | D        | Reached XP level 5. HP: 56/56 MP: 3/20
     4 | D        | Reached XP level 6. HP: 62/62 MP: 3/21
     4 | D        | Reached XP level 7. HP: 68/68 MP: 3/23
     4 | D        | Reached XP level 8. HP: 75/75 MP: 3/24
     4 | D        | Reached XP level 9. HP: 81/81 MP: 3/25
     4 | D        | Reached XP level 10. HP: 88/88 MP: 3/26
     4 | D        | Reached XP level 11. HP: 93/93 MP: 3/27
     4 | D        | Reached XP level 12. HP: 100/100 MP: 3/28
     5 | D        | Became a worshipper of Makhleb the Destroyer
     7 | D        | Killed a bag of meat
     7 | D        | Noticed a bag of meat
     8 | D        | Reached skill level 10 in Dodging
     8 | D        | Reached XP level 13. HP: 109/109 MP: 3/30
     9 | D        | Noticed a meat berserker
    10 | D        | Killed a bag of meat
    10 | D        | Reached * piety under Makhleb
    10 | D        | Killed a bag of meat
    11 | D        | Reached skill level 15 in Axes
    11 | D        | Reached skill level 10 in Armour
    11 | D        | Reached XP level 14. HP: 120/120 MP: 4/32
    11 | D        | Noticed a meat berserker
    11 | D        | Noticed a meat berserker
    11 | D        | Noticed a bag of meat
    12 | D        | Killed a meat berserker
    12 | D        | Noticed a bag of meat
    12 | D        | Noticed a bag of meat
    12 | D        | Noticed a bag of meat
    13 | D        | Reached skill level 15 in Fighting
    13 | D        | Reached skill level 15 in Spellcasting
    13 | D        | Noticed a meat berserker
    13 | D        | Noticed a meat berserker
    13 | D        | Killed a meat berserker
    13 | D        | Reached ** piety under Makhleb
    13 | D        | Noticed a meat berserker
    13 | D        | Noticed a bag of meat
    13 | D        | Noticed a bag of meat
    13 | D        | Noticed a bag of meat
    14 | D        | Reached XP level 15. HP: 99/132 MP: 5/35
    14 | D        | Noticed a meat berserker
    15 | D        | Killed a meat berserker
    15 | D        | Killed a meat berserker
    15 | D        | Reached *** piety under Makhleb
    16 | D        | Reached skill level 15 in Dodging
    16 | D        | Reached XP level 16. HP: 109/145 MP: 5/38
    16 | D        | Noticed a destroyer
    16 | D        | Noticed a meat berserker
    17 | D        | Killed a meat berserker
    17 | D        | Noticed a meat berserker
    18 | D        | Reached skill level 15 in Throwing
    18 | D        | Reached XP level 17. HP: 153/153 MP: 6/39
    19 | D        | Killed a meat berserker
    19 | D        | Reached **** piety under Makhleb
    19 | D        | Killed a destroyer
    20 | D        | Reached XP level 18. HP: 166/166 MP: 6/42
    20 | D        | Noticed a meat berserker
    20 | D        | Killed a meat berserker
    20 | D        | Reached ***** piety under Makhleb
    21 | D        | Noticed a meat berserker
    22 | D        | Reached skill level 27 in Axes
    22 | D        | Noticed a large bag of meat
    22 | D        | Noticed a meat berserker
    22 | D        | Noticed a meat berserker
    22 | D        | Noticed a destroyer
    23 | D        | Reached XP level 19. HP: 180/180 MP: 7/45
    23 | D        | Killed a meat berserker
    23 | D        | Killed a meat berserker
    23 | D        | Noticed a destroyer
    24 | D        | Noticed a meat berserker
    25 | D        | Reached XP level 20. HP: 194/194 MP: 7/48
    25 | D        | Reached ****** piety under Makhleb
    25 | D        | Noticed a destroyer
    25 | D        | Noticed a destroyer
    26 | D        | Noticed a meat berserker
    27 | D        | Noticed a large bag of meat
    27 | D        | Killed a destroyer
    28 | D        | Reached skill level 27 in Fighting
    28 | D        | Reached skill level 27 in Armour
    28 | D        | Reached skill level 27 in Translocations
    28 | D        | Noticed an eight-headed meat hydra
    28 | D        | Killed a destroyer
    28 | D        | Noticed a meat berserker
    29 | D        | Reached skill level 27 in Throwing
    29 | D        | Reached skill level 27 in Dodging
    29 | D        | Reached skill level 27 in Spellcasting
    29 | D        | Reached skill level 1 in Maces & Flails
    29 | D        | Reached skill level 1 in Polearms
    29 | D        | Reached skill level 1 in Unarmed Combat
    29 | D        | Reached XP level 21. HP: 165/204 MP: 8/52
    29 | D        | Killed a meat berserker
    29 | D        | Killed a meat berserker
    30 | D        | Noticed a destroyer
    30 | D        | Killed a destroyer
    30 | D        | Killed a large bag of meat
    31 | D        | Reached XP level 22. HP: 167/212 MP: 9/53
    31 | D        | Killed a meat berserker
    32 | D        | Killed a meat berserker
    33 | D        | Killed a meat berserker
    33 | D        | Noticed a meat berserker
    34 | D        | Killed a destroyer
    35 | D        | Reached XP level 23. HP: 219/219 MP: 10/54
    35 | D        | Noticed a destroyer
    36 | D        | Killed a destroyer
    36 | D        | Noticed a large bag of meat
    37 | D        | Reached skill level 27 in Stealth
    37 | D        | Noticed The Servant
    39 | D        | Reached skill level 27 in Invocations
    39 | D        | Noticed a destroyer
    40 | D        | Reached XP level 24. HP: 227/227 MP: 11/54
    41 | D        | Reached skill level 27 in Maces & Flails
    41 | D        | Reached skill level 27 in Polearms
    41 | D        | Reached skill level 27 in Unarmed Combat
    41 | D        | Noticed a destroyer
    41 | D        | Noticed a large bag of meat
    41 | D        | Noticed a destroyer
    42 | D        | Reached skill level 10 in Shields
    42 | D        | Killed a destroyer
    42 | D        | Noticed a large bag of meat
    43 | D        | Reached XP level 25. HP: 216/234 MP: 12/54
    43 | D        | Noticed a large bag of meat
    44 | D        | Killed a large bag of meat
    44 | D        | Killed a destroyer
    44 | D        | Killed a destroyer
    44 | D        | Noticed a tyrant
    46 | D        | Mangled by a large bag of meat

Illustrated notes

Levels and vault maps discovered:
D:        meatsprint

Skill      XL: |  1  2  3  4  5  6  7  8  9 10 11 12 13 14 15 16 17 18 19 20 21 22 23 24 25 |
---------------+----------------------------------------------------------------------------+-----
Fighting       | 11 12 14 16 18 19 21 23 26 27 | 27.0
Axes           | 10 12 15 18 21 22 25 27 | 27.0
Throwing       | 4 6 9 12 14 15 18 20 22 27 | 27.0
Armour         | 4 7 10 13 16 17 19 21 24 27 | 27.0
Dodging        | 9 10 11 13 15 16 18 19 22 27 | 27.0
Spellcasting   | 12 13 14 16 18 20 22 24 27 | 27.0
Translocations | 18 19 21 22 23 24 26 27 | 27.0
Maces & Flails | 1 14 20 25 27 | 27.0
Polearms       | 1 14 20 25 27 | 27.0
Stealth        | 2 19 25 27 | 27.0
Unarmed Combat | 1 14 20 25 27 | 27.0
Invocations    | 2 17 23 27 | 27.0
Short Blades   | 13 18 | 18.6
Long Blades    | 13 18 | 18.6
Staves         | 13 18 | 18.6
Ranged Weapons | 13 18 | 18.6
Shields        | 17 23 | 23.4

Action                     |  1- 3 |  4- 6 |  7- 9 | 10-12 | 13-15 | 16-18 | 19-21 | 22-24 | 25-27 || total
---------------------------+-------+-------+-------+-------+-------+-------+-------+-------+-------++-------
  Melee: Executioner's axe |     1 |       |       |     1 |     5 |     5 |     7 |    12 |     2 ||    33
 Invoke: Minor Destruction |       |       |       |       |       |       |       |       |     1 ||     1
    Use: Potion            |       |       |       |       |       |       |       |       |     1 ||     1
 Armour: Leather armour    |       |       |       |       |     1 |       |     2 |       |     7 ||    10
  Dodge: Dodged            |       |       |       |       |       |       |       |       |     5 ||     5

Table legend: (Time is in decaauts)
 A = Elapsed time spent in this place.
 B = Non-inter-level travel time spent in this place.
 C = Inter-level travel time spent in this place.
 D = Time resting spent in this place.
 E = Time spent auto-exploring this place.
 F = Levels seen in this place.
 G = Mean time per level.
                   A        B        C        D        E       F      G
               +--------+--------+--------+--------+--------+-----+--------+
         Total |     39 |     39 |      0 |      0 |      0 |   1 |   39.0 |
       Dungeon |     39 |     39 |      0 |      0 |      0 |   1 |   39.0 |
               +--------+--------+--------+--------+--------+-----+--------+

Top non-repeatable levels by time:
       D: 39 daAuts
